Unix NetHack Version 5.0.0-0 post-release - last build Jun 10 2026 00:39:30 (3ee93aec679c4c4259841fe613dc97188e26a321,branch:main).

Game began 2026-06-15 00:40:42, ended 2026-06-15 02:20:48.

Aranth, chaotic female elven Wizard

 ---------                  -----                                 -------
 |.......|      -----      #!...|                                 |....<|
 |.......|      |...-##    +|...|           -----------##########*......|
 |.......|   ###-...|      #|....#         #.........`|#          |.....|
 |.......|####  ---|-      #|...|####      #|.........|#          --.----
 |........#        #       #-----   ##  ####|.........|#            #
 -.-------         #      ##         ####   -------.---#            #
  #                #      #            ##[######%#######            #
  #                #      #            ##             #             #
  #              #############-------- #              ###          [#
  #              #-.------#  #|......|##                #          #
  ##             #|......-#  #|.......#######  ---------h--        #
 --.--           #|..^...|   #|......|      #  |........@f.#####---|----
 |...|           #|......|   #|......|      ###...........|    #-......|
 |...|           #|......|   #|......|         |..........|     |......|
 |....############|......+  ##|......|         |..........|     |......|
 |.{.|            --------   #--------       ##|....(.....|     |..>...|
 -----                       *#################------------     --------

Aranth the Thaumaturge    St:14 Dx:11 Co:15 In:16 Wi:14 Ch:11  Chaotic
Dlvl:3  $:105 HP:0(49) Pw:83(98) AC:5  Xp:7 T:6318  Satiated Stressed

Latest messages:
 You hear some noises.
 The jumbo shrimp bites the salamander.
 The crocodile bites the troll.
 The ice vortex misses the werewolf.
 The orc zombie misses!
 The catoblepas bites the werejackal.
 The winter wolf cub misses the earth elemental.
 You hear some noises.
 Are you waiting to get hit?  Use 'm' prefix to force a no-op (to rest).
 The flying pig wields 4 daggers!
 The daggers weld themselves to the dwarf queen's hand!
 The garter snake rustles!
 You hit the aardvark!
 The bat thrusts one of his daggers.
 The human zombie hits!
 The Woodland-elf thrusts one of its daggers.
 The dwarf mummy hits!
 The trapper thrusts one of his daggers.
 The wight supremacist hits!
 The flesh golem thrusts one of his daggers.
 The housecat hits!
 The vampire thrusts one of its daggers.
 The bugbear hits!
 The zruty thrusts one of their daggers.
 Evil Iggy hits!
 In what direction? 4
 The spell hits the orange dragon!
 You kill the fire ant!
 You see here 4 cursed daggers.
 In what direction? 6
 The spell hits the ghoul!
 In what direction? 6
 The spell hits the giant mango!
 You kill the giant pigmy!
 You are getting the munchies.
 What do you want to eat? [jEU or ?*] *
 A little goes a long way.
 You finish eating the lembas wafer.
 Everything looks SO boring now.
 You swap places with your kitten.
 You see here an empty unlocked large box.
 The hobbit wields an elven dagger!
 You swap places with your kitten.
 The hobbit thrusts his elven dagger.
 The hobbit hits!
 You don't have enough stamina to move.
 The hobbit thrusts his elven dagger.
 The hobbit hits!
 You die...
 Do you want your possessions identified? [ynq] (y) q

Inventory:
 Coins    ('$')
  $ - 105 gold pieces
 Weapons  (')')
  a - a blessed +1 quarterstaff (weapon in hands)
 Armor    ('[')
  H - an uncursed +0 dwarvish iron helm (being worn)
  r - an uncursed +0 pair of iron shoes (being worn)
  b - an uncursed +0 cloak of magic resistance (being worn)
 Comestibles  ('%')
  j - 4 uncursed food rations
  E - an uncursed tripe ration
 Scrolls  ('?')
  y - an uncursed scroll of amnesia
  s - 3 uncursed scrolls of blank paper
  R - a cursed scroll of charging
  P - 2 cursed scrolls of confuse monster
  Q - a cursed scroll of create monster
  S - a cursed scroll of enchant armor
  W - 2 uncursed scrolls of enchant weapon
  i - 4 blessed scrolls of identify
  T - a cursed scroll of identify
  Y - an uncursed scroll of remove curse
 Spellbooks  ('+')
  x - a blessed spellbook of chain lightning
  A - an uncursed spellbook of fireball
  k - a blessed spellbook of force bolt
  V - an uncursed spellbook of invisibility
  l - an uncursed spellbook of protection
 Potions  ('!')
  X - an uncursed potion of extra healing
  q - an uncursed potion of healing
  w - 3 potions of holy water
 Rings    ('=')
  f - a cursed ring of conflict
  p - a cursed ring of fire resistance
  d - an uncursed +2 ring of gain strength (on right hand)
  e - an uncursed ring of regeneration
  z - an uncursed ring of shock resistance
  Z - a cursed ring of stealth
 Wands    ('/')
  c - a wand of fire (0:7)
  C - a wand of light (0:12)
  u - a cursed wand of polymorph (0:4)
  O - a cursed wand of sleep (0:1)
  v - a cursed wand of striking (0:4)
 Tools    ('(')
  t - an empty uncursed unlocked chest
  n - an uncursed wooden flute
  m - a magic marker (0:20)
  K - a cursed magic marker (0:19)
  I - an uncursed skeleton key
 Gems/Stones  ('*')
  L - an uncursed garnet stone
  B - an uncursed worthless piece of blue glass
  J - a cursed worthless piece of green glass
  F - 5 uncursed worthless pieces of orange glass
  o - a cursed worthless piece of red glass
  M - a cursed worthless piece of violet glass
  N - an uncursed worthless piece of yellow glass
  G - 2 uncursed worthless pieces of yellowish brown glass
  D - an uncursed flint stone

Aranth the Wizard's attributes:

Background:
 You were a Thaumaturge, a level 7 female elven Wizard.
 You were chaotic, on a mission for Anhur
 who was opposed by Ptah (lawful) and Thoth (neutral).
 You were right-handed.
 You were in the Dungeons of Doom, on level 3.
 You entered the dungeon 6318 turns ago.
 It was nighttime.
 There was a new moon in effect when your adventure ended.
 You had 1134 experience points, 146 more were needed to attain level 8.

Basics:
 You had 0 out of 49 hit points.
 You had 83 out of 98 energy points (spell power).
 Your armor class was 5.
 Your wallet contained 105 zorkmids.
 Autopickup was off.

Final Characteristics:
 Your strength was 14 (base:12, limit:18).
 Your dexterity was 11 (limit:18).
 Your constitution was 15 (limit:16).
 Your intelligence was 16 (limit:20).
 Your wisdom was 14 (limit:20).
 Your charisma was 11 (limit:18).

Final Status:
 You were satiated.
 You were stressed; movement was moderately slowed.
 You were wielding a quarterstaff.
 You were skilled in quarterstaff.

Final Attributes:
 You were piously aligned.
 You were magic-protected.
 You were sleep resistant.
 You were telepathic.
 You had infravision.
 You were warded.
 You are dead.

Miscellaneous:
 You encountered 1 bones level.
 Total elapsed playing time was 1 hour, 40 minutes and 5 seconds.

Major events:
 Turn
    1: Aranth the chaotic female elven Wizard entered the dungeon
 1001: attained the rank of Conjurer (level 3)
 1589: entered the Gnomish Mines
 3239: attained the rank of Thaumaturge (level 6)
 4027: reached Mine Town
 6318: killed by a hobbit

Spells:
 Name                 Level Category     Fail Retention
 force bolt             1   attack         0%   66%-70%
 detect unseen          3   divination    96%   51%-75%
 chain lightning        2   attack         0%   71%-75%

Skills:
 Fighting Skills
   bare handed combat [Unskilled]
   riding             [Unskilled]
 Weapon Skills
   dagger             [Unskilled]
   knife              [Unskilled]
   axe                [Unskilled]
   short sword        [Unskilled]
   club               [Unskilled]
   mace               [Unskilled]
   quarterstaff       [Skilled]
   polearms           [Unskilled]
   spear              [Unskilled]
   trident            [Unskilled]
   sling              [Unskilled]
   dart               [Unskilled]
   shuriken           [Unskilled]
 Spellcasting Skills
   attack spells      [Skilled]
   healing spells     [Unskilled]
   divination spells  [Unskilled]
   enchantment spells [Basic]
   clerical spells    [Unskilled]
   escape spells      [Unskilled]
   matter spells      [Unskilled]

Voluntary challenges:
 Character rerolling was not enabled.
 You never genocided any monsters.
 You never polymorphed an object.
 You never changed form.
 You used no wishes.
Achievements:
 You entered a shop.
 You attained the rank of Conjurer.
 You entered the Gnomish Mines.
 You attained the rank of Thaumaturge.
 You entered Minetown.
 You entered a temple.

 The Dungeons of Doom: levels 1 to 4
    Level 1:
    Level 2:
       A general store, an altar to Anhur.
    Level 3: <- You were here.
       A fountain.
       Final resting place for
          you, killed by a hobbit.
    Level 4:
       A general store, some fountains.
       Stairs down to The Gnomish Mines.
 The Gnomish Mines: levels 5 to 8
    Level 5:
       Final resting place for
          unbowed24-Wiz-Hum-Mal-Neu, killed by a dwarf.
    Level 6:
    Level 7:
    Level 8:
       Many shops, a temple and an altar, some fountains.


Vanquished creatures:
  a ghost
  a large mimic
  a brown pudding
  a blue jelly
  a gnome mummy
  a snake
  a bugbear
  2 rock piercers
  a rock mole
  2 fog clouds
  a shrieker
  a violet fungus
  4 gnome leaders
  2 gnomish wizards
  a gray ooze
  a paper golem
  a giant ant
  2 floating eyes
  2 kittens
  9 dwarves
  a kobold leader
  3 hill orcs
  a rabid rat
  a centipede
  4 orc zombies
  2 werejackals
  4 iguanas
  3 acid blobs
  2 hobbits
  2 large kobolds
  2 hobgoblins
  a giant rat
  2 cave spiders
 26 gnomes
 21 garter snakes
  2 gnome zombies
  7 geckos
  2 jackals
  a fox
  a kobold
  3 goblins
  a sewer rat
 10 grid bugs
  8 lichens
  2 kobold zombies
  3 newts
151 creatures vanquished.

No species were genocided or became extinct.

Game over:
                       ----------
                      /          \
                     /    REST    \
                    /      IN      \
                   /     PEACE      \
                  /                  \
                  |      Aranth      |
                  |      105 Au      |
                  |   killed by a    |
                  |      hobbit      |
                  |                  |
                  |                  |
                  |       2026       |
                 *|     *  *  *      | *
        _________)/\\_//(\/(/\)/\//\/|_)_______

Goodbye Aranth the Wizard...

You died in The Dungeons of Doom on dungeon level 3 with 5011 points,
and 105 pieces of gold, after 6318 moves.
You were level 7 with a maximum of 49 hit points when you died.

